Map: Jagannatha LE

Players

ChocP - Winner!

  • Race: Terran Terran
  • League: Diamond

ViBE

  • Race: Zerg Zerg
  • League: Master

VOD

Have the link to the VOD?

Description

Time

  • Played on: May 5, 2021, 9:14 p.m.
  • Length: 11:28
Show
View Real Time Build Order
Export as new Build Order

ChocP Terran - Winner!

Build Orders: Reaper Expand 

Get SALT Encoding   

  12  0:10  Supply Depot  
  12  0:18  SCV  
  13  0:30  SCV  
  13  0:35  Barracks  
  14  0:41  Refinery  
  14  0:43  SCV  
  15  0:55  SCV  
  16  1:07  SCV  
  17  1:23  Orbital Command  
  17  1:25  Reaper  
  18  1:42  Command Center  
  18  1:50  SCV  
  19  1:59  Reaper, Supply Depot  
  20  2:02  SCV  
  21  2:10  Barracks  
  22  2:15  SCV  
  22  2:24  Factory  
  22  2:35  SCV  
  22  2:36  Refinery  
  23  2:48  Barracks Reactor  
  23  2:54  SCV  
  23  2:56  Orbital Command  
  24  2:59  Barracks Tech Lab  
  24  3:06  SCV  
  25  3:16  Factory Reactor  
  25  3:19  SCV, Marine  
  26  3:20  Stimpack  
  27  3:28  SCV  
  27  3:31  SCV  
  29  3:35  Supply Depot  
  29  3:36  Marine x2  
  29  3:37  Marine  
  29  3:41  Starport  
  32  3:47  Factory Reactor  
  32  3:49  SCV x2  
  34  3:55  Supply Depot  
  34  3:56  Marine x3  
  34  4:01  SCV  
  38  4:11  SCV  
  38  4:13  SCV, Marine  
  38  4:14  Marine  
  38  4:16  Marine  
  43  4:24  SCV, Supply Depot  
  44  4:25  SCV  
  45  4:31  Marine x2  
  45  4:32  Medivac x2  
  45  4:34  Marine  
  45  4:36  SCV  
  45  4:38  SCV  
  54  4:48  SCV  
  54  4:49  Marine  
  54  4:50  Command Center  
  54  4:51  SCV  
  57  4:53  Marine x2  
  57  4:59  Factory Tech Lab  
  59  5:01  SCV  
  59  5:03  SCV  
  59  5:05  Medivac  
  63  5:07  Marine  
  63  5:09  Combat Shield  
  63  5:11  Marine  
  63  5:13  Refinery, SCV  
  66  5:16  SCV  
  66  5:17  Refinery  
  67  5:29  Marine  
  67  5:30  Marine x2  
  68  5:47  Marine x2  
  70  6:01  SCV, Marine, Siege Tank  
  70  6:02  Orbital Command  
  75  6:05  Marine x2, Supply Depot  
  75  6:06  Supply Depot  
  75  6:10  Barracks  
  77  6:14  Barracks  
  77  6:19  Marine  
  77  6:20  Engineering Bay  
  77  6:23  Marine x2  
  77  6:24  Medivac  
  82  6:26  Engineering Bay  
  82  6:29  SCV x2  
  84  6:33  Siege Tank  
  84  6:37  Marine  
  88  6:41  Marine x2  
  90  6:54  Marine  
  90  6:59  Marine  
  84  7:01  Orbital Command  
  84  7:02  Marine x2  
  84  7:03  Barracks Reactor  
  84  7:05  Siege Tank  
  89  7:10  Medivac  
  89  7:11  Medivac  
  89  7:12  Marine  
  89  7:14  SCV, Supply Depot  
  89  7:15  Terran Infantry Armor Level 1, Terran Infantry Weapons Level 1  
  95  7:16  Marine  
  96  7:24  Barracks Reactor  
  96  7:29  Supply Depot  
  96  7:30  Supply Depot x2  
  96  7:31  Marine  
  96  7:32  Marine, Supply Depot  
  96  7:34  Marine  
  93  7:38  Siege Tank  
  93  7:39  Marine  
  97  7:47  Supply Depot  
  97  7:48  SCV  
  97  7:49  Marine  
  97  7:50  Marine  
  97  7:51  Armory  
  100  7:52  SCV x2  
  100  7:53  Marine x2  
  100  7:56  Marine  
  92  8:05  Marine  
  92  8:06  Marine  
  92  8:07  Marine  
  92  8:08  Marine  
  92  8:10  Widow Mine  
  92  8:11  Marine x2  
  97  8:14  Marine  
  98  8:23  Marine  
  98  8:24  Marine  
  98  8:25  Marine x2  
  102  8:29  Marine x2  
  102  8:31  Siege Tank  
  104  8:35  Marine  
  104  8:41  Marine x2  
  98  8:43  Marine x2  
  98  8:44  SCV x2  
  98  8:45  SCV  
  98  8:46  Marine  
  106  8:55  Marine x2  
  106  8:56  SCV x2  
  106  8:57  SCV  
  106  8:59  Marine x2  
  106  9:01  Marine x2  
  115  9:03  Siege Tank  
  115  9:04  Marine  
  115  9:08  SCV  
  103  9:13  Marine x2, Medivac  
  103  9:15  SCV  
  103  9:17  Marine x2  
  107  9:18  Marine  
  107  9:19  Marine  
  107  9:22  Marine  
  106  9:31  Marine  
  106  9:32  Marine  
  106  9:35  SCV x3  
  111  9:42  Marine  
  111  9:43  Marine x4  
  116  9:47  SCV x3  
  116  9:49  Marine  
  116  9:50  Marine  
  121  9:53  Medivac x2, Siege Tank  
  128  10:04  Marine  
  128  10:05  Marine x4  
  128  10:06  SCV  
  134  10:07  Marine  
  134  10:08  Marine  
  137  10:14  SCV  
  137  10:16  SCV  
  137  10:18  SCV  
  139  10:22  Marine  
  139  10:23  Marine, Medivac  
  139  10:27  Marine  
  143  10:39  Marine, Siege Tank  
  143  10:40  Marine x2  
  149  10:46  Command Center  
  149  10:49  Marine x4  
  119  10:57  Marine  
  119  10:58  Marine x2  
  119  11:07  Marine x4  
Show
View Real Time Build Order
Export as new Build Order

ViBE Zerg 

Build Orders: Hatch First 

Get SALT Encoding   

  12  0:00  Drone  
  13  0:13  Overlord  
  13  0:17  Drone  
  14  0:31  Drone  
  14  0:32  Drone  
  16  0:43  Drone  
  17  0:52  Hatchery  
  16  1:02  Drone x2  
  18  1:15  Extractor  
  18  1:16  Spawning Pool  
  16  1:18  Drone  
  16  1:23  Drone  
  18  1:28  Drone  
  19  1:43  Drone  
  20  2:01  Overlord  
  20  2:05  Queen x2  
  20  2:07  Zergling x4  
  26  2:12  Drone  
  27  2:16  Metabolic Boost  
  27  2:19  Drone  
  28  2:25  Extractor  
  27  2:31  Drone  
  27  2:32  Drone  
  29  2:53  Drone, Queen  
  29  2:54  Hatchery, Drone  
  29  2:55  Drone  
  33  3:03  Overlord  
  33  3:07  Drone  
  33  3:08  Drone x2  
  36  3:27  Drone x6  
  36  3:32  Drone  
  43  3:39  Overlord  
  43  3:43  Overlord  
  43  3:45  Drone  
  44  3:56  Queen  
  46  4:03  Drone  
  46  4:04  Drone x5  
  52  4:12  Queen  
  54  4:21  Drone  
  54  4:22  Drone x7  
  62  4:27  Lair  
  62  4:28  Overlord  
  62  4:31  Overlord  
  62  4:41  Overlord x2  
  62  4:48  Extractor x2, Zergling x2  
  62  4:49  Zergling x8  
  62  4:50  Queen  
  67  4:56  Queen  
  69  5:00  Zergling x6  
  69  5:01  Zergling x8  
  76  5:09  Overlord x3  
  76  5:11  Baneling Nest  
  72  5:31  Zergling x20  
  71  5:39  Zergling x4  
  73  5:53  Drone x4  
  77  5:58  Hatchery  
  77  6:00  Drone x2, Centrifical Hooks  
  79  6:04  Drone  
  79  6:07  Baneling  
  79  6:11  Drone x9  
  88  6:14  Extractor  
  88  6:16  Extractor, Hatchery  
  88  6:17  Extractor  
  84  6:20  Evolution Chamber  
  84  6:21  Evolution Chamber  
  82  6:27  Drone  
  82  6:28  Drone x5  
  82  6:32  Baneling  
  88  6:33  Baneling x7  
  88  6:36  Drone x3  
  86  6:48  Zergling x20  
  86  6:51  Baneling  
  86  6:52  Baneling x2  
  83  7:12  Baneling x7  
  83  7:14  Drone  
  83  7:15  Drone x8  
  92  7:25  Evolution Chamber x2  
  91  7:49  Drone x3  
  91  7:50  Hydralisk Den  
  93  7:52  Zergling x8  
  93  7:53  Zergling x6  
  93  7:54  Drone x10  
  102  8:05  Zergling x2  
  102  8:06  Zergling x8  
  103  8:12  Baneling  
  103  8:13  Baneling x5  
  103  8:14  Zerg Ground Armor Level 1, Zergling x4, Zerg Melee Weapons Level 1  
  103  8:16  Queen  
  107  8:20  Hatchery  
  107  8:24  Zergling x8  
  99  8:36  Zergling x12  
  99  8:39  Zergling x6  
  103  8:43  Zergling x2  
  103  8:44  Zergling x6  
  103  8:46  Baneling x5  
  103  8:47  Baneling x3  
  106  8:50  Zergling x10  
  106  8:53  Hatchery  
  97  8:57  Zergling x12  
  97  9:00  Baneling x7  
  97  9:01  Baneling x2  
  92  9:11  Zergling x8  
  92  9:13  Zergling x10  
  92  9:14  Baneling Nest  
  95  9:24  Zergling x18  
  95  9:25  Zergling x2  
  104  9:34  Grooved Spines  
  104  9:40  Drone x8  
  104  9:42  Hatchery  
  104  9:43  Drone x3, Extractor  
  104  9:44  Extractor, Overlord x4  
  112  9:56  Zergling x12  
  118  10:00  Baneling  
  118  10:01  Baneling x10  
  118  10:20  Drone  
  118  10:21  Infestation Pit  
  118  10:26  Zergling x2  
  118  10:27  Zergling x42  
  134  10:39  Zergling x12  
  125  10:54  Zergling x2  
  125  10:55  Zergling x32  
  117  11:03  Zergling x4  
Tags
 
Add a new tag
Caveats
  • Supply blocks, unpowered buildings, or Contaminate may cause inaccurate times.
  • Supply counts are checked every 10 seconds.